Map: Kairos Junction LE

Players

Harstem

  • Race: Protoss Protoss
  • Spawn Location: 5:00

Nerchio - Winner!

  • Race: Zerg Zerg
  • Spawn Location: 11:00

Event: 2019 WCS Summer

VOD

Have the link to the VOD?

Description

Time

  • Played on: July 12, 2019, 10:30 a.m.
  • Length: 18:43

All games in this series

Show
View Real Time Build Order
Export as new Build Order

Harstem Protoss 

Build Orders: 1 Gate Expand, Archon Immortal, Dark Templar Rush 

Get SALT Encoding   

  12  0:01  Probe  
  13  0:13  Probe  
  14  0:18  Pylon  
  14  0:25  Probe  
  15  0:35  Probe  
  15  0:37  Gateway  
  16  0:43  Probe  
  16  0:49  Assimilator  
  17  0:53  Probe  
  18  1:05  Probe  
  19  1:17  Probe  
  20  1:25  Cybernetics Core  
  21  1:38  Nexus  
  20  1:42  Pylon  
  20  1:48  Probe  
  20  1:51  Adept  
  20  1:52  Assimilator  
  21  2:00  Probe  
  24  2:03  Warp Gate  
  24  2:11  Adept  
  24  2:12  Probe  
  27  2:24  Probe  
  28  2:30  Twilight Council  
  28  2:36  Probe  
  29  2:44  Stalker  
  29  2:47  Probe  
  29  2:50  Probe  
  33  2:55  Probe  
  33  3:01  Robotics Facility  
  33  3:02  Probe  
  35  3:06  Probe  
  35  3:10  Resonating Glaives  
  36  3:16  Probe  
  36  3:17  Gateway  
  36  3:19  Probe  
  38  3:25  Gateway  
  38  3:28  Probe  
  38  3:32  Probe  
  40  3:37  Pylon  
  40  3:40  Probe  
  40  3:41  Warp Prism  
  41  3:44  Probe  
  42  3:53  Dark Shrine  
  45  3:58  Adept  
  45  3:59  Probe  
  45  4:00  Probe  
  48  4:04  Pylon  
  48  4:11  Probe  
  48  4:14  Pylon  
  48  4:16  Adept  
  52  4:19  Adept  
  52  4:22  Adept  
  52  4:24  Probe  
  56  4:25  Probe  
  56  4:28  Pylon  
  56  4:31  Assimilator  
  57  4:33  Assimilator  
  57  4:36  Probe  
  58  4:42  Adept x3  
  65  4:49  Pylon  
  65  4:50  Probe  
  65  4:52  Probe  
  64  5:02  Zealot  
  66  5:07  Dark Templar x2  
  66  5:10  Probe  
  66  5:11  Immortal  
  71  5:14  Probe  
  76  5:28  Nexus  
  76  5:35  Pylon  
  76  5:37  Forge  
  76  5:39  Probe  
  77  5:43  Probe  
  77  5:48  Pylon  
  78  5:51  Gateway  
  78  5:52  Archon  
  78  5:54  Sentry x3  
  78  5:55  Observer  
  85  6:00  Probe  
  86  6:04  Pylon  
  86  6:05  Protoss Ground Weapons Level 1  
  86  6:06  Probe  
  86  6:09  Pylon  
  87  6:12  Probe, Immortal  
  87  6:18  Probe  
  89  6:24  Probe  
  94  6:30  Probe  
  94  6:31  Gateway x2  
  95  6:33  Charge  
  95  6:37  Probe  
  96  6:43  Probe  
  96  6:45  Immortal  
  98  6:52  Probe  
  98  6:53  Dark Templar x2  
  103  6:57  Stalker  
  103  6:59  Archon  
  103  7:00  Probe x2  
  110  7:02  Photon Cannon  
  110  7:04  Probe  
  111  7:12  Probe  
  112  7:18  Probe  
  112  7:20  Probe  
  112  7:21  Immortal  
  112  7:22  Assimilator  
  110  7:26  Gateway  
  110  7:27  Assimilator  
  110  7:29  Gateway, Pylon  
  111  7:35  Gateway  
  111  7:36  Probe  
  115  7:38  Gateway  
  115  7:40  Probe  
  116  7:45  Probe  
  116  7:46  Pylon  
  116  7:48  Photon Cannon, Probe  
  118  7:51  Pylon  
  118  7:53  Shield Battery  
  118  7:57  Photon Cannon, Immortal  
  119  8:01  Pylon  
  119  8:03  Photon Cannon  
  119  8:08  Protoss Ground Weapons Level 2  
  122  8:16  Zealot x3  
  128  8:33  Zealot x4  
  136  8:36  Immortal  
  130  8:58  Zealot x2  
  130  8:59  Dark Templar x3  
  130  9:01  Zealot x2  
  130  9:02  Zealot  
  144  9:08  Sentry x2  
  140  9:16  Immortal  
  134  9:23  Templar Archives  
  134  9:30  Zealot x5  
  128  9:40  Zealot x5  
  128  9:45  Immortal  
  130  9:55  Dark Templar  
  134  10:03  Stargate  
  134  10:07  Stalker  
  132  10:17  High Templar x4  
  132  10:18  High Templar x3, Warp Prism  
  132  10:21  Archon x2  
  146  10:22  Archon  
  115  10:41  Zealot x2  
  105  10:44  Probe  
  105  10:45  Probe  
  105  10:48  Warp Prism  
  105  11:00  High Templar x3  
  111  11:05  Nexus  
  101  11:14  Zealot x3  
  101  11:15  Zealot  
  101  11:16  Immortal  
  109  11:24  Archon x2, Pylon  
  84  11:42  Zealot x5  
  94  11:52  Pylon  
  86  12:07  High Templar x4  
  94  12:11  Archon x2  
  84  12:34  Zealot x2  
  88  12:39  Nexus  
  88  12:52  Dark Templar x2  
  84  13:15  Archon  
  84  13:23  Zealot, Dark Templar  
  60  13:58  Probe  
  60  14:01  Dark Templar  
  63  14:02  Zealot  
  63  14:03  Zealot  
  61  14:34  Immortal  
  65  14:48  Assimilator  
  65  14:54  Assimilator  
  65  14:57  Zealot x2, Dark Templar x2  
  73  15:11  Immortal  
  53  15:31  Zealot x3  
  53  15:32  Zealot  
  37  16:16  High Templar x2  
  41  16:21  Archon  
  40  17:46  Zealot x2  
Show
View Real Time Build Order
Export as new Build Order

Nerchio Zerg - Winner!

Build Orders: Hatch First, Swarm Host 

Get SALT Encoding   

  12  0:00  Drone  
  13  0:12  Overlord  
  13  0:16  Drone  
  14  0:30  Drone x2  
  16  0:48  Hatchery  
  15  0:51  Drone  
  15  0:55  Drone  
  17  0:59  Drone  
  18  1:09  Extractor  
  17  1:15  Spawning Pool  
  17  1:18  Drone  
  17  1:21  Drone  
  18  1:27  Drone  
  19  1:38  Drone  
  20  1:49  Overlord  
  20  2:01  Queen x2  
  20  2:02  Zergling x4  
  26  2:10  Metabolic Boost  
  26  2:11  Drone  
  26  2:14  Drone  
  28  2:21  Drone x2  
  30  2:37  Hatchery  
  30  2:38  Drone  
  29  2:54  Zergling x4  
  29  2:55  Zergling x4  
  29  2:58  Queen  
  35  3:19  Overlord  
  35  3:20  Overlord  
  35  3:25  Roach Warren  
  35  3:27  Drone x2  
  36  3:39  Drone x5  
  41  3:42  Drone  
  41  3:48  Drone  
  41  3:51  Drone x4  
  46  3:56  Drone  
  46  3:57  Drone x2  
  46  3:58  Extractor, Overlord  
  46  4:01  Overlord  
  48  4:04  Drone  
  48  4:06  Overlord  
  49  4:14  Lair  
  49  4:19  Roach  
  49  4:20  Roach  
  49  4:21  Roach  
  55  4:25  Roach  
  55  4:26  Roach  
  55  4:31  Roach x2  
  63  4:33  Spore Crawler  
  63  4:36  Roach  
  63  4:37  Roach  
  66  4:41  Roach x2  
  71  4:48  Roach  
  71  4:49  Overlord x2  
  72  5:02  Overlord  
  72  5:04  Roach  
  74  5:08  Roach  
  74  5:09  Roach x4  
  74  5:14  Drone x4  
  87  5:17  Extractor  
  87  5:21  Overseer  
  87  5:25  Drone x3  
  87  5:26  Drone x3  
  87  5:28  Overseer  
  91  5:37  Drone x4  
  91  5:41  Extractor  
  96  5:48  Overlord  
  96  5:49  Hatchery  
  93  5:51  Glial Reconstitution  
  93  6:02  Evolution Chamber  
  93  6:03  Extractor  
  91  6:13  Drone x7  
  91  6:15  Drone  
  91  6:16  Overseer  
  91  6:18  Overlord  
  99  6:24  Overlord x3  
  99  6:30  Zerg Missile Weapons Level 1  
  99  6:31  Evolution Chamber  
  98  6:36  Roach x2  
  98  6:37  Roach  
  102  6:49  Roach x5  
  112  7:15  Roach x3  
  117  7:16  Roach x6  
  117  7:18  Infestation Pit  
  128  7:25  Overlord x2  
  128  7:40  Overlord x2  
  128  7:47  Overseer  
  128  7:55  Swarm Host  
  128  7:56  Swarm Host x7  
  152  7:59  Swarm Host  
  152  8:01  Swarm Host  
  158  8:07  Swarm Host  
  158  8:09  Overlord x2  
  161  8:15  Baneling Nest  
  158  8:34  Overlord  
  158  8:39  Zergling x22  
  158  8:40  Zergling x2  
  169  8:41  Queen  
  165  8:58  Overseer  
  165  9:00  Roach  
  165  9:01  Roach x7  
  176  9:07  Roach x2  
  168  9:10  Roach  
  168  9:13  Overseer  
  168  9:15  Roach  
  170  9:23  Ravager x4  
  170  9:24  Roach  
  176  9:27  Roach  
  169  9:32  Roach  
  169  9:38  Roach  
  162  9:39  Roach  
  162  9:42  Overseer, Ravager  
  161  9:49  Roach  
  161  9:52  Zergling x2  
  154  10:04  Zergling x6  
  154  10:06  Ravager  
  160  10:07  Ravager x3  
  161  10:17  Ravager x3  
  152  10:34  Drone  
  152  10:35  Drone x8  
  152  10:43  Drone  
  152  10:44  Drone x3  
  152  10:45  Overseer  
  156  10:53  Roach x2  
  156  10:56  Roach  
  159  11:03  Roach  
  145  11:14  Roach x2  
  145  11:15  Roach x2  
  146  11:30  Roach x4  
  144  11:39  Drone x3  
  143  11:44  Overseer  
  143  11:46  Drone  
  142  11:50  Drone  
  134  12:04  Drone x5  
  134  12:05  Drone  
  140  12:10  Drone  
  133  12:31  Roach x5  
  143  12:41  Drone x3  
  143  12:43  Drone  
  147  12:48  Drone x2  
  149  13:03  Drone x4  
  136  13:11  Roach x2  
  138  13:17  Queen x2  
  142  13:21  Roach x3  
  148  13:33  Roach x3  
  138  13:38  Roach x2  
  122  13:46  Roach  
  122  13:47  Roach  
  104  13:53  Roach x2  
  93  14:00  Roach x2  
  97  14:06  Roach  
  99  14:13  Roach x2  
  103  14:22  Roach x2  
  105  14:27  Roach x2  
  107  14:31  Roach  
  107  14:34  Roach  
  107  14:38  Roach  
  111  14:48  Zergling x2  
  111  14:49  Zergling x6  
  115  14:56  Zergling x4  
  117  15:04  Zergling x6  
  117  15:05  Zergling x2  
  108  15:24  Overseer  
  108  15:26  Drone x7  
  108  15:30  Drone  
  108  15:39  Roach x2  
  105  15:44  Roach  
  100  15:51  Roach  
  95  16:09  Queen  
  92  16:42  Hatchery  
  92  16:44  Spire  
  90  16:51  Queen  
  89  17:05  Queen  
  84  17:14  Roach x5  
  92  17:20  Roach  
  88  17:57  Mutalisk x6  
  100  18:18  Roach  
  100  18:19  Roach  
  100  18:23  Roach x2  
Tags
 
Add a new tag
Caveats
  • Supply blocks, unpowered buildings, or Contaminate may cause inaccurate times.
  • Supply counts are checked every 10 seconds.